 Dungeon Crawl Stone Soup version 0.28.0 (webtiles) character file.

Game seed: 17072865435615111386

2044 unlimited1921 the Firebug (level 8, -1/58 HPs)
             Began as a Demigod Fire Elementalist on Feb 13, 2022.
             Slain by Duvessa (7 damage)
             ... on level 6 of the Dungeon.
             The game lasted 00:35:17 (9984 turns).

unlimited1921 the Firebug (DgFE)                    Turns: 9984, Time: 00:35:18

Health: -1/58      AC:  2    Str:  9    XL:     8   Next: 75%
Magic:  18/29      EV: 13    Int: 25    God:
Gold:   132        SH:  0    Dex: 14    Spells: 13/19 levels left

rFire   . . .      SeeInvis .   O - +4 long sword (flame)
rCold   . . .      Faith    .   g - orb {light}
rNeg    . . .      Spirit   .   a - +0 robe
rPois   .          Reflect  .   (no helmet)
rElec   .          Harm     .   (no cloak)
rCorr   .          Rampage  .   (no gloves)
Will    .....                   (no boots)
Stlth   +.........              (no amulet)
HPRegen 0.19/turn               c - ring of magical power
MPRegen 0.21/turn               (no ring)

@: glowing
A: high MP 1, forlorn, divine attributes
a: no special abilities


You were on level 6 of the Dungeon.
You visited 2 branches of the dungeon, and saw 7 of its levels.

You collected 328 gold pieces.
You spent 196 gold pieces at shops.

Inventory:

Hand Weapons
 f - a +0 hand axe
 j - a +0 short sword
 l - a +0 hunting sling
 C - a +2 vampiric dagger
 F - a +0 dagger of protection
 J - a +0 falchion
 L - a +0 hand crossbow
 M - a +2 whip of distortion
 N - a +2 great sword of freezing
 O - a +4 long sword of flaming (weapon)
 P - a +4 falchion of freezing
Missiles
 h - 67 bolts
 i - 6 boomerangs
 m - 91 sling bullets
 u - 56 stones
 w - 13 poisoned darts (quivered)
 x - a curare-tipped dart
Armour
 a - a +0 robe (worn)
 g - an orb of light (worn)
 p - a +2 ring mail of cold resistance
 s - a +4 scale mail
Jewellery
 c - a ring of magical power (left hand)
Wands
 y - a wand of flame (59)
 K - a wand of digging (7)
Scrolls
 b - 3 scrolls of teleportation
 d - 2 scrolls of amnesia
 e - a scroll of fog
 t - 2 scrolls of enchant armour
 D - a scroll of enchant weapon
 E - 2 scrolls of blinking
 I - a scroll of immolation
Potions
 k - 3 potions of heal wounds {unknown}
 n - a potion of berserk rage
 o - 2 potions of might {unknown}
 q - 2 potions of mutation {unknown}
 v - a potion of lignification
 z - 4 potions of flight {unknown}
 G - 2 potions of brilliance {unknown}
 H - 2 potions of invisibility {unknown}


   Skills:
 + Level 0.8 Fighting
 + Level 0.9 Short Blades
 * Level 3.3 Dodging
 + Level 2.5 Stealth
 + Level 6.1 Spellcasting
 + Level 3.0 Conjurations
 + Level 2.6 Hexes
 + Level 7.1 Fire Magic


You had 13 spell levels left.
You knew the following spells:

 Your Spells              Type           Power      Damage    Failure   Level
a - Foxfire               Conj/Fire      100%       2x1d9     1%          1
b - Scorch                Fire           86%        2d9       1%          2
c - Inner Flame           Hex/Fire       32%        N/A       3%          3

Your spell library contained the following spells:

 Spells                   Type           Power      Damage    Failure   Level
 Conjure Flame            Conj/Fire      33%        6-21      2%          3
 Pain                     Necr           28%        1d5       8%          1
 Flame Wave               Conj/Fire      33%        2d8       9%          4
 Poisonous Vapours        Pois/Air       14%        N/A       11%         2
 Alistair's Intoxication  Tmut/Pois      4%         N/A       90%         5


Dungeon Overview and Level Annotations

Branches:
Dungeon (6/15)             Temple (1/1) D:5

Shops:
D:3 *   D:4 *

Portals:
Abyss: D:5

Annotations:
D:5 2 transporters, hawla's ghost, weakling DrDe
D:6 Duvessa


Innate Abilities, Weirdness & Mutations

You have an increased reservoir of magic. (+10% MP)
You shall have no god before yourself.
Your divine heritage dramatically boosts your attributes as you level up.


Message History

Flame seeps out of Duvessa.
Casting: Inner Flame (dangerous; 3% risk of failure)
Confirm with . or Enter, or press ? or * to list all spells.
You conjure some foxfire!
Duvessa is engulfed in blazing flames.
Flame seeps out of Duvessa.
Duvessa hits you with a +0 short sword!
The foxfire hits Duvessa.
Flame seeps out of Duvessa.
Duvessa is moderately wounded.
The foxfire hits Duvessa.
Flame seeps out of Duvessa.
Duvessa is heavily wounded.
Duvessa is engulfed in blazing flames.
Flame seeps out of Duvessa.
Duvessa closely misses you.
Casting: Foxfire (safe; 1% risk of failure)
Confirm with . or Enter, or press ? or * to list all spells.
You conjure some foxfire!
Duvessa hits you with a +0 short sword!!
The foxfire hits Duvessa.
Flame seeps out of Duvessa.
Duvessa is heavily wounded.
The foxfire hits Duvessa but does no damage.
Duvessa is heavily wounded.
Duvessa is engulfed in blazing flames.
Flame seeps out of Duvessa.
Duvessa barely misses you.
Casting: Foxfire (safe; 1% risk of failure)
Confirm with . or Enter, or press ? or * to list all spells.
You conjure some foxfire!
Duvessa hits you with a +0 short sword!
* * * LOW HITPOINT WARNING * * *
The foxfire hits Duvessa but does no damage.
Duvessa is severely wounded.
The foxfire hits Duvessa.
Flame seeps out of Duvessa.
Duvessa is severely wounded.
Duvessa is engulfed in blazing flames.
Flame seeps out of Duvessa.
Duvessa hits you with a +0 short sword.
* * * LOW HITPOINT WARNING * * *
You feel better. Duvessa hits you with a +0 short sword.
* * * LOW HITPOINT WARNING * * *
Casting: Foxfire (safe; 1% risk of failure)
Confirm with . or Enter, or press ? or * to list all spells.
You conjure some foxfire!
Duvessa hits you with a +0 short sword!
* * * LOW HITPOINT WARNING * * *
Duvessa hits you with a +0 short sword!
You die...

......# ### ......# ##.##
...<..## #...# <......#
##.#.# .......## ##..#(#
........###..##.#####
......#...#.##......#
####.####...##......# #.#
##...#.v@...# #.#
#..#...ve...# #.#
#.###...°...# #.# ##.#
#.......# #.###..#
#°○.....### #
#.#...####○)§......### ##
#........>☼##...##...#####
.###...#.#...####...###.....#
..............(.............#


You could see Duvessa (berserk, inner flame, ally target).

Vanquished Creatures
  Pikel (D:5)
  Eustachio (D:5)
  Menkaure (D:4)
  A water moccasin (D:6)
  An ice beast (D:5)
  A sky beast (D:5)
  2 ogres
  A lemure (D:5)
  Blork the orc (D:4)
  A kobold brigand (D:6)
  A water moccasin skeleton (D:6)
  Dowan (D:6)
  5 wights (D:6)
  5 hounds
  4 jellies
  A hound skeleton (D:5)
  A river rat (D:3)
  7 adders
  A white imp (D:6)
  2 worms
  A dart slug (D:3)
  An orc (D:3)
  5 ball pythons
  7 endoplasms
  A giant cockroach (D:4)
  4 goblins
  6 hobgoblins
  8 jackals
  11 kobolds
  2 quokkas
  3 bats
  5 frilled lizards
  6 rats
99 creatures vanquished.

Vanquished Creatures (collateral kills)
  A foxfire (D:5)
1 creature vanquished.

Vanquished Creatures (others)
  255 foxfires
  53 plants (D:5)
308 creatures vanquished.

Grand Total: 408 creatures vanquished

Notes
Turn   | Place    | Note
-------+----------+-------------------------------------------
     0 | D:1      | unlimited1921 the Demigod Fire Elementalist began the quest
                  | for the Orb.
     0 | D:1      | Reached XP level 1. HP: 14/14 MP: 5/5
   877 | D:1      | Reached skill level 3 in Fire Magic
  1518 | D:2      | Reached XP level 2. HP: 20/20 MP: 7/7
  2845 | D:2      | Reached XP level 3. HP: 25/26 MP: 9/9
  3223 | D:3      | Reached skill level 1 in Conjurations
  3689 | D:3      | Reached XP level 4. HP: 24/33 MP: 10/10
  3724 | D:3      | Learned a level 2 spell: Scorch
  3776 | D:3      | Learned a level 3 spell: Inner Flame
  4748 | D:3      | Found Komygg's Assorted Antiques.
  4760 | D:3      | Bought a scroll labelled DOYMME FOHIRCH for 22 gold pieces
  4760 | D:3      | Bought 2 grey potions for 39 gold pieces
  4760 | D:3      | Bought a scroll labelled TEYNAGY MYUDWU for 22 gold pieces
  4760 | D:3      | Bought a metallic golden potion for 19 gold pieces
  4760 | D:3      | Bought a scroll labelled BOESHU WYOBB for 22 gold pieces
  5249 | D:4      | Noticed an ogre
  5262 | D:3      | Reached XP level 5. HP: 4/39 MP: 9/12
  5264 | D:2      | Killed an ogre
  5265 | D:2      | Reached skill level 4 in Fire Magic
  5754 | D:4      | Noticed Menkaure
  5758 | D:4      | Killed Menkaure
  5759 | D:4      | Reached XP level 6. HP: 46/46 MP: 12/14
  5825 | D:4      | Got Samuq's Volume of Evil and Venom
  6320 | D:4      | Noticed Blork the orc
  6328 | D:4      | Killed Blork the orc
  6428 | D:4      | Found Qeallypn's General Store.
  6457 | D:4      | Bought 3 scrolls of identify for 72 gold pieces
  6810 | D:4      | Reached skill level 5 in Fire Magic
  6956 | D:5      | Entered Level 5 of the Dungeon
  6956 | D:5      | Noticed Pikel
  6964 | D:5      | Killed Pikel
  6965 | D:5      | Reached skill level 1 in Hexes
  6965 | D:5      | Reached XP level 7. HP: 38/51 MP: 6/17
  6974 | D:5      | Reached skill level 5 in Spellcasting
  7395 | D:5      | Found a staircase to the Ecumenical Temple.
  7550 | D:5      | Reached skill level 6 in Fire Magic
  7550 | D:5      | Reached XP level 8. HP: 58/58 MP: 19/19
  7694 | D:5      | Noticed Eustachio
  7699 | D:5      | Killed Eustachio
  7793 | D:5      | Found a one-way gate to the infinite horrors of the Abyss.
  7793 | D:5      | Found a transporter.
  7932 | Temple   | Entered the Ecumenical Temple
  8262 | D:5      | Found a transporter.
  8266 | D:5      | Noticed hawla's ghost (weakling DrDe)
  8952 | D:6      | Noticed Dowan
  9752 | D:6      | Reached skill level 7 in Fire Magic
  9968 | D:6      | Noticed Duvessa
  9973 | D:6      | Killed Dowan
  9984 | D:6      | Slain by Duvessa

Illustrated notes

Levels and vault maps discovered:
D:1:      wander_arrival_fairy_ring, layout_loops_ring,
          ebering_ecumenical_altar_sacrificial
D:2:      layout_basic, basic_altar
D:3:      layout_loops_ring, serial_shops, shop, lightli_sewer_entry_pipes,
          minmay_misc_feat_chi
D:4:      layout_basic, elyvilon_altar_1, general_overflow_altar, serial_shops,
          nicolae_shop_temple_entry_statues_fountains, lightli_corner_chamber,
          uniq_blork_the_orc, uniq_menkaure
D:5:      layout_basic, mainiacjoe_overflow_alcove_4,
          mainiacjoe_overflow_cross_hatched,
          minmay_temple_entry_statues_pillars, gammafunk_ghost_abyssal_escape,
          serial_bayou_lagoon_a, uniq_pikel, uniq_eustachio
D:6:      layout_rooms, old_standard_altar, st_stairs_2, uniq_duvessa
Temple:   compressed_dpeg_triangle_lava_temple

Skill      XL: |  1  2  3  4  5  6  7  8 |
---------------+-------------------------+-----
Fire Magic     | 3 4 5 6 7 |  7.1
Spellcasting   | 2 3 4 5 6 |  6.1
Dodging        | 2 3 |  3.3
Conjurations   | 1 2 3 |  3.0
Stealth        | 2 |  2.5
Hexes          | 1 2 |  2.6
Fighting       | |  0.8
Short Blades   | |  0.9

Action                   |  1- 3 |  4- 6 |  7- 9 || total
-------------------------+-------+-------+-------++-------
Melee: Short sword       |    30 |       |    66 ||    96
Throw: Dart              |       |       |     1 ||     1
 Cast: Foxfire           |    91 |    41 |    33 ||   165
       Scorch            |       |    33 |    23 ||    56
       Inner Flame       |       |     8 |    28 ||    36
  Use: Scroll            |       |     8 |     8 ||    16
       Potion            |       |       |     1 ||     1
Armor: Robe              |    10 |     2 |     5 ||    17
Dodge: Dodged            |    33 |     9 |    16 ||    58
